 Dungeon Crawl Stone Soup version 0.32-a0-931-g5a2cda0630 (webtiles) character file.

Game seed: 7832569036299946731

837 Biggs the Slicer (level 7, -11/34 HPs)
             Began as a Vine Stalker Brigand on Apr 13, 2024.
             Was an Initiate of Wu Jian.
             Mangled by an ice beast (13 damage)
             ... on level 6 of the Dungeon.
             The game lasted 00:11:39 (2314 turns).

Biggs the Slicer (Vine Stalker Brigand)             Turns: 2314, Time: 00:11:39

Health: -11/34     AC:  8    Str: 13    XL:     7   Next: 99%
Magic:  0/8        EV:  9    Int: 11    God:    Wu Jian [......]
Gold:   217        SH:  0    Dex: 18    Spells: 6/6 levels left

rFire   . . .        w - +1 dagger (venom)
rCold   . . .        (no shield)
rNeg    . . .        f - +0 swamp dragon scales
rPois   +            (no helmet)
rElec   .            c - +0 cloak
rCorr   .            (no gloves)
SInv    .            (no boots)
Will    .....        (no amulet)
Stlth   ++           (no ring)
HPRegen 1.05/turn    (no ring)
MPRegen 0.11/turn

%: guardian spirit
@: no status effects
A: fangs 2, regeneration 1, magic shield, antimagic bite, no potion heal 2
a: Renounce Religion


You were on level 6 of the Dungeon.
You worshipped Wu Jian.
Wu Jian was noncommittal.
You visited 2 branches of the dungeon, and saw 7 of its levels.

You collected 217 gold pieces.

Inventory:

Hand Weapons
 a - a +2 dagger
 w - a +1 dagger of venom (weapon)
Missiles
 d - 20 poisoned darts
 e - a curare-tipped dart (quivered)
Armour
 c - a +0 cloak (worn)
 f - +0 swamp dragon scales (worn)
Wands
 x - a wand of flame (18)
Scrolls
 g - 2 scrolls of enchant armour {unknown}
 h - 2 scrolls of teleportation {unknown}
 j - a scroll of immolation {unknown}
 l - a scroll of fog {unknown}
 m - 3 scrolls of brand weapon {unknown}
 n - a scroll of enchant weapon {unknown}
 o - a scroll of revelation {unknown}
 q - a scroll of fear {unknown}
 u - 3 scrolls of identify {unknown}
 v - 3 scrolls of vulnerability {unknown}
Potions
 i - a potion of resistance {unknown}
 k - a potion of brilliance {unknown}
 p - a potion of degeneration {unknown}
 r - 2 potions of mutation {unknown}
 s - a potion of heal wounds {unknown}
 t - 2 potions of lignification {unknown}


   Skills:
 - Level 1.7 Fighting
 + Level 8.2 Short Blades
 - Level 1.7 Throwing
 - Level 0.7 Dodging
 - Level 4.8 Stealth


You had 6 spell levels left.
You didn't know any spells.
Your spell library contained the following spells:

 Spells                   Type           Power      Damage    Failure   Level
 Summon Small Mammal      Summ           0%         N/A       61%         1
 Blink                    Tloc           0%         N/A       75%         2
 Lesser Beckoning         Tloc           0%         N/A       75%         2
 Momentum Strike          Conj/Tloc      0%         3d8       75%         2
 Call Canine Familiar     Summ           0%         N/A       93%         3
 Summon Blazeheart Golem  Fire/Summ      0%         N/A       100%        4


Dungeon Overview and Level Annotations

Branches:
Dungeon (6/15)             Temple (1/1) D:4

Altars:
Ashenzari
Cheibriados
Dithmenos
Elyvilon
Fedhas
Gozag
Hepliaklqana
Kikubaaqudgha
Makhleb
Nemelex Xobeh
Okawaru
Qazlal
Sif Muna
Trog
Vehumet
Wu Jian
Xom
Yredelemnul
Zin
The Shining One

Shops:
D:5 [


Innate Abilities, Weirdness & Mutations

You have extremely sharp teeth.
Your natural rate of healing is unusually fast.
When hurt, damage is shared between your health and your magic reserves.
Your bite disrupts and absorbs the magic of your enemies.
Potions cannot restore your health.


Message History

Unknown command.
You hit the ice beast.
The ice beast is lightly wounded.
The ice beast hits you. The ice beast freezes you!
Unknown command.
You hit the ice beast but do no damage.
The ice beast is lightly wounded.
You closely miss the ice beast.
You bite the ice beast, but do no damage.
The ice beast is lightly wounded.
The ice beast hits you. The ice beast freezes you!
* * * LOW HITPOINT WARNING * * *
Unknown command.
Okay, then.
You hit the ice beast but do no damage.
The ice beast is poisoned.
Your bite misses the ice beast.
The ice beast is lightly wounded.
The ice beast hits you. The ice beast freezes you!
* * * LOW HITPOINT WARNING * * *
Unknown command.
You hit the ice beast but do no damage. Your bite misses the ice beast.
The ice beast is lightly wounded.
Unknown command.
Throw: 3 darts (curare)
Press: ? - help, Q - select action, (/) - cycle Shift-Dir - straight line, f - ice beast
Aim: an ice beast (lightly wounded, very poisoned, 57% to hit)
You throw a curare-tipped dart.
The curare-tipped dart hits the ice beast.
The ice beast is lightly wounded.
The ice beast hits you but does no damage.
Unknown command.
Throw: 2 darts (curare)
Press: ? - help, Q - select action, (/) - cycle Shift-Dir - straight line, f/p - ice beast
Aim: an ice beast (lightly wounded, very poisoned, 57% to hit)
You throw a curare-tipped dart.
The curare-tipped dart barely misses the ice beast.
The ice beast hits you.
* * * LOW HITPOINT WARNING * * *
The ice beast freezes you!
You die...

#......#.#
#### .#
#......#.#
#.. .#
##...<..#.#
#.# .#
.'........#
#.####+#.#
##......###
#......<.#
.'.......#
#........#
.#.....###
#........#
##.....#
#....#+#.#
#.....#
####@# .#
#.....#
####Y# .#
#######
#....# ..
#.#### .#
#.# #..#
##.# .. .##


You could see an ice beast (very poisoned).

Vanquished Creatures
  Sigmund (D:4)
  Menkaure (D:4)
  A water moccasin (D:6)
  An ogre (D:5)
  A phantom (D:5)
  Crazy Yiuf (D:4)
  A hound (D:5)
  3 iguanas
  An orc wizard (D:6)
  3 gnolls (D:6)
  4 adders
  A shadow imp (D:6)
  2 dart slugs
  A ribbon worm (D:4)
  7 orcs
  2 endoplasms
  6 giant cockroaches
  3 goblins
  4 hobgoblins
  6 kobolds
  4 quokkas
  11 ball pythons
  A bat (D:2)
  A frilled lizard (D:3)
  2 rats (D:1)
69 creatures vanquished.

Notes
Turn   | Place    | Note
-------+----------+-------------------------------------------
     0 | D:1      | Biggs the Vine Stalker Brigand began the quest for the Orb.
     0 | D:1      | Reached XP level 1. HP: 11/11 MP: 2/2
    34 | D:1      | Reached skill level 2 in Short Blades
    83 | D:1      | Reached XP level 2. HP: 14/15 MP: 3/3
   473 | D:2      | Reached skill level 3 in Short Blades
   522 | D:2      | Reached XP level 3. HP: 18/18 MP: 4/4
   545 | D:2      | Found an iron altar of Okawaru.
   928 | D:3      | Reached XP level 4. HP: 23/23 MP: 5/5
  1014 | D:3      | Reached skill level 4 in Short Blades
  1104 | D:4      | Found a staircase to the Ecumenical Temple.
  1107 | D:4      | Noticed Sigmund
  1131 | Temple   | Entered the Ecumenical Temple
  1173 | D:4      | Killed Sigmund
  1174 | D:4      | Reached skill level 5 in Short Blades
  1174 | D:4      | Reached XP level 5. HP: 26/26 MP: 4/6
  1174 | D:4      | Reached XP level 6. HP: 30/30 MP: 4/7
  1233 | D:4      | Noticed Menkaure
  1250 | D:4      | Killed Menkaure
  1251 | D:4      | Reached skill level 6 in Short Blades
  1320 | D:4      | Found a runed translucent door.
  1321 | D:4      | Noticed Crazy Yiuf
  1334 | D:4      | Killed Crazy Yiuf
  1424 | D:5      | Entered Level 5 of the Dungeon
  1432 | D:5      | Reached XP level 7. HP: 31/34 MP: 8/8
  1437 | D:5      | Found Ybranint's Antique Armour Emporium.
  1674 | D:5      | Reached skill level 7 in Short Blades
  1895 | D:5      | Found a basalt altar of Yredelemnul.
  1895 | D:5      | Found a burning altar of Makhleb.
  1896 | D:5      | Found an opulent altar of Gozag.
  1897 | D:5      | Found an ancient bone altar of Kikubaaqudgha.
  1897 | D:5      | Found a broken altar of Ashenzari.
  1898 | D:5      | Found a shimmering altar of Xom.
  1899 | D:5      | Found a blossoming altar of Fedhas.
  1899 | D:5      | Found a white marble altar of Elyvilon.
  1901 | D:5      | Found a shimmering blue altar of Sif Muna.
  1902 | D:5      | Found a bloodstained altar of Trog.
  1902 | D:5      | Found an ornate altar of the Wu Jian Council.
  1914 | D:5      | Became a worshipper of the Wu Jian Council
  2104 | D:6      | Reached skill level 8 in Short Blades
  2314 | D:6      | Mangled by an ice beast

Illustrated notes

Levels and vault maps discovered:
D:1:      dpeg_arrival_lava_temple_mockup, layout_basic
D:2:      layout_loops_corners, basic_altar, nrook_uturn, minmay_surrounded
D:3:      layout_loops_corners
D:4:      minmay_diamond_boxcup, layout_rooms,
          minmay_temple_entry_statues_fountains, uniq_menkaure,
          uniq_crazy_yiuf_cottage, uniq_sigmund
D:5:      layout_basic, nicolae_overflows_in_rows, ebering_ghost_rock_garden,
          nicolae_take_the_stairs
D:6:      layout_basic
Temple:   nicolae_temple_cloud_nine

Skill      XL: |  1  2  3  4  5  6  7 |
---------------+----------------------+-----
Short Blades   | 2 3 5 6 8 |  8.2
Fighting       | |  1.7
Throwing       | |  1.7
Dodging        | |  0.7
Stealth        | |  4.8

Action                     |  1- 3 |  4- 6 |  7- 9 || total
---------------------------+-------+-------+-------++-------
  Melee: Dagger            |   119 |    75 |    89 ||   283
         Bite              |    23 |    27 |    38 ||    88
  Throw: Dart              |       |     8 |     3 ||    11
Ability: Lunge             |       |       |     7 ||     7
   Stab: Sleeping          |     3 |     2 |     3 ||     8
 Armour: Robe              |     6 |       |       ||     6
         Swamp dragon scal |    52 |    41 |    38 ||   131
  Dodge: Dodged            |    77 |    25 |    24 ||   126

Table legend: (Time is in decaauts)
 A = Elapsed time spent in this place.
 B = Non-inter-level travel time spent in this place.
 C = Inter-level travel time spent in this place.
 D = Time resting spent in this place.
 E = Time spent auto-exploring this place.
 F = Levels seen in this place.
 G = Mean time per level.
                   A        B        C        D        E       F      G
               +--------+--------+--------+--------+--------+-----+--------+
         Total |   2247 |   2080 |    167 |      0 |      0 |   7 |  321.0 |
       Dungeon |   2239 |   2072 |    167 |      0 |      0 |   6 |  373.2 |
        Temple |      7 |      7 |      0 |      0 |      0 |   1 |    7.0 |
               +--------+--------+--------+--------+--------+-----+--------+

Top non-repeatable levels by time:
     D:5: 591 daAuts
     D:4: 376 daAuts
     D:1: 351 daAuts
     D:2: 326 daAuts
     D:3: 325 daAuts
     D:6: 267 daAuts
  Temple: 7 daAuts
